 Dungeon Crawl Stone Soup version 0.20.0-8-g6b59dc7 (webtiles) character file.

627 Kosschaser the Cudgeler (level 7, -2/47 HPs)
             Began as a Gargoyle Skald on May 30, 2017.
             Slain by a bullfrog skeleton (5 damage)
             ... on level 5 of the Dungeon.
             The game lasted 00:11:28 (4866 turns).

Kosschaser the Cudgeler (Gargoyle Skald)            Turns: 4866, Time: 00:11:29

Health: -2/47      AC: 12    Str: 16      XL:     7   Next: 47%
Magic:  10/10      EV: 12    Int:  8 (9)  God:
Gold:   171        SH:  0    Dex: 11      Spells: 9/10 levels left

rFire    . . .     SeeInvis .   a - +0 mace
rCold    + . .     Gourm    .   (no shield)
rNeg     + + .     Faith    .   o - +2 leather armour {rC+}
rPois    ∞         Spirit   .   (no helmet)
rElec    +         Reflect  .   (no cloak)
rCorr    .         Harm     .   (no gloves)
MR       .....                  y - +1 pair of boots
Stlth    +.........             (no amulet)
Regen    0.2/turn               e - -5 ring of intelligence
MPRegen  0.2/turn               v - ring of positive energy

@: no status effects
A: negative energy resistance 1, robust 1, electricity resistance, strong 1,
unbreathing, petrification resistance, rot immunity, AC +4
a: no special abilities


You were on level 5 of the Dungeon.
You were not hungry.

You visited 1 branch of the dungeon, and saw 5 of its levels.

You collected 171 gold pieces.

Inventory:

Hand Weapons
 a - a +0 mace (weapon)
Armour
 o - a +2 leather armour of cold resistance (worn)
 y - a +1 pair of boots (worn)
Jewellery
 e - a -5 ring of intelligence (left hand)
 v - a ring of positive energy (right hand)
Scrolls
 j - 3 scrolls of remove curse
 m - 2 scrolls of enchant armour {unknown}
 p - 3 scrolls of blinking {unknown}
 t - a scroll of teleportation
 w - a scroll of enchant weapon {unknown}
Potions
 b - a potion of invisibility {unknown}
 f - 2 potions of lignification
 h - a potion of cancellation {unknown}
 i - a potion of might {unknown}
 n - 3 potions of degeneration
 s - a potion of haste {unknown}
 u - 2 potions of curing {unknown}
 x - a potion of mutation {unknown}
 z - 2 potions of flight {unknown}
Books
 c - a book of Battle

   Spells                             Type                      Level
   a - Infusion                       Charms                       1
   b - Shroud of Golubria             Charms/Translocation         2
   c - Song of Slaying                Charms                       2
   d - Spectral Weapon                Hexes/Charms                 3
   e - Regeneration                   Charms/Necromancy            3
Comestibles
 d - 2 bread rations
 g - 3 royal jellies
 l - 3 meat rations
 q - 8 fruits


   Skills:
 + Level 4.2 Fighting
 + Level 5.4 Maces & Flails
 + Level 2.6 Armour
 + Level 3.3 Dodging
 + Level 2.1 Spellcasting
 + Level 3.1 Charms


You had 9 spell levels left.
You knew the following spells:

 Your Spells              Type           Power        Failure   Level  Hunger
a - Infusion              Chrm           #...         12%         1    ##.....


Dungeon Overview and Level Annotations

Branches:
Dungeon (5/15)
 Temple: D:4-7

Altars:
Makhleb
Yredelemnul
The Shining One

Annotations:
D:4 Kosschaser's ghost, amateur GrSk
D:5 Edmund


Innate Abilities, Weirdness & Mutations

You are resistant to torment.
Your stone body is resilient. (AC +4)
You are immune to poison.
You resist negative energy. (rN+)
You are resistant to electric shocks. (rElec)
You can survive without breathing.
You are immune to petrification.
You are immune to rotting.
You are robust. (+10% HP)
Your muscles are strong. (Str +2)


Message History

As you read the scroll of teleportation, it crumbles to dust.
You feel strangely unstable.
Your surroundings suddenly seem different.
The bullfrog skeleton hits you but does no damage.
A bullfrog skeleton comes into view.
The bullfrog skeleton closely misses you.
You hit the bullfrog skeleton.
The bullfrog skeleton is moderately damaged.
The bullfrog skeleton barely misses you.
You hit the bullfrog skeleton.
The bullfrog skeleton is moderately damaged.
The bullfrog skeleton barely misses you.
The bullfrog skeleton hits you but does no damage.
You completely miss the bullfrog skeleton.
The bullfrog skeleton is moderately damaged.
The bullfrog skeleton hits you but does no damage.
You barely miss the bullfrog skeleton.
The bullfrog skeleton is moderately damaged.
The bullfrog skeleton hits you.
You die...

#..# # #.....
#.)#### #..#
..###..#
#....o. #...
...
.......#####
#..##
..###..###.#
#... ..# ...#
#.#
#..###..###..
#.#
#..........
.. #...##.#.#
## #...Z@.#
######.# ...
#.... .##..#
.# .. # .


You could see a bullfrog skeleton.

Vanquished Creatures
  A sky beast (D:5)
  A centaur (D:5)
  A howler monkey (D:5)
  A hound (D:3)
  A centaur skeleton (D:5)
  An orc priest (D:5)
  An orc wizard (D:4)
  2 iguanas (D:4)
  A worker ant (D:4)
  4 gnolls (D:4)
  A howler monkey skeleton (D:5)
  4 adders
  4 worms (D:2)
  2 dart slugs (D:1)
  4 leopard geckos
  15 orcs
  14 bats
  8 giant cockroaches
  6 goblins
  5 hobgoblins
  6 jackals
  A quokka (D:1)
  A ball python (D:2)
  4 frilled lizards
  7 kobolds
  A quokka zombie (D:5)
  16 rats
113 creatures vanquished.

Notes
Turn   | Place    | Note
-------+----------+-------------------------------------------
     0 | D:1      | Kosschaser the Gargoyle Skald began the quest for the Orb.
     0 | D:1      | Reached XP level 1. HP: 12/12 MP: 3/3
    80 | D:1      | Reached XP level 2. HP: 11/17 MP: 5/5
   574 | D:1      | Reached XP level 3. HP: 10/21 MP: 6/6
  1359 | D:2      | Reached skill level 3 in Maces & Flails
  1500 | D:2      | Reached XP level 4. HP: 17/27 MP: 7/7
  2409 | D:3      | Found a glowing golden altar of the Shining One.
  2500 | D:3      | Reached XP level 5. HP: 31/31 MP: 8/8
  3008 | D:4      | Found a burning altar of Makhleb.
  3020 | D:4      | Reached skill level 4 in Maces & Flails
  3037 | D:5      | Entered Level 5 of the Dungeon
  3037 | D:5      | Noticed a sky beast
  3077 | D:5      | HP: 1/32 [something (2)]
  3090 | D:5      | Killed a sky beast
  3090 | D:5      | Reached XP level 6. HP: 3/37 MP: 9/9
  3228 | D:5      | Gained mutation: You are robust. (+10% HP) [mutagenic meat]
  3229 | D:5      | Gained mutation: Your muscles are strong. (Str +2) [mutagenic meat]
  3568 | D:5      | Found a basalt altar of Yredelemnul.
  3629 | D:4      | Reached skill level 5 in Maces & Flails
  3630 | D:4      | Noticed Kosschaser's ghost (amateur GrSk)
  3715 | D:4      | Reached XP level 7. HP: 9/46 MP: 10/10
  4183 | D:4      | HP: 2/46 [Kosschaser's ghost (6)]
  4199 | D:4      | HP: 2/46 [Kosschaser's ghost (2)]
  4505 | D:5      | Noticed Edmund
  4844 | D:5      | HP: 2/47 [Edmund/wand of flame (?/48) (7)]
  4855 | D:5      | HP: 2/47 [Edmund/wand of flame (?/48) (2)]
  4866 | D:5      | Slain by a bullfrog skeleton

Skill      XL: |  1  2  3  4  5  6  7 |
---------------+----------------------+-----
Charms         | 3 |  3.1
Maces & Flails | 3 4 5 |  5.4
Dodging        | 2 3 |  3.3
Fighting       | 3 4 |  4.2
Armour         | 2 |  2.6
Spellcasting   | |  2.1

Action                   |  1- 3 |  4- 6 |  7- 9 || total
-------------------------+-------+-------+-------++-------
Melee: Mace              |   132 |   321 |   173 ||   626
 Cast: Infusion          |       |       |     2 ||     2
  Use: Potion            |       |     2 |       ||     2
       Scroll            |       |     2 |     2 ||     4
 Stab: Sleeping          |       |     5 |       ||     5
  Eat: Chunk             |     2 |     8 |     3 ||    13
       Meat ration       |       |       |     1 ||     1
Armor: Leather armour    |    70 |   200 |    74 ||   344
       Skin              |       |    13 |       ||    13
Dodge: Dodged            |   107 |   258 |    86 ||   451
